 Dungeon Sprint DCSS version 0.27.1-33-g824d729ab1 (webtiles) character file.

Game seed: 114945335121406268

24 manyhoops the Firebug (level 2, 0/20 HPs)
             Began as a Demigod Fire Elementalist on Nov 24, 2021.
             Slain by an ogre (20 damage)
             ... in the Dungeon (Sprint I: "Red Sonja").
             The game lasted 00:00:21 (130 turns).

manyhoops the Firebug (Demigod Fire Elementalist)    Turns: 130, Time: 00:00:22

Health: 0/20       AC:  2    Str:  9    XL:     2   Next: 60%
Magic:  5/8        EV: 12    Int: 17    God:
Gold:   0          SH:  0    Dex: 14    Spells: 5/6 levels left

rFire    . . .     SeeInvis .   (no weapon)
rCold    . . .     Faith    .   (no shield)
rNeg     . . .     Spirit   .   a - +0 robe
rPois    .         Reflect  .   (no helmet)
rElec    .         Harm     .   (no cloak)
rCorr    .         Rampage  .   (no gloves)
Will     .....     NoTele   +   (no boots)
Stlth    ++........             (no amulet)
HPRegen  0.06/turn              (no ring)
MPRegen  0.11/turn              (no ring)

@: no status effects
A: high mp 1, forlorn
a: no special abilities


You were in the Dungeon.
You visited 1 branch

Inventory:

Armour
 a - a +0 robe (worn)
Wands
 f - a wand of polymorph (5)
Scrolls
 g - a scroll of blinking
Potions
 b - a potion of curing
 c - 2 potions of heal wounds
 d - a potion of haste
 e - 2 potions of magic


   Skills:
 + Level 2.4 Dodging
 + Level 2.3 Stealth
 + Level 0.1 Unarmed Combat
 + Level 2.6 Spellcasting
 + Level 1.1 Conjurations
 + Level 4.7 Fire Magic


You had 5 spell levels left.
You knew the following spells:

 Your Spells              Type           Power      Damage    Failure   Level
a - Foxfire               Conj/Fire      48%        2x1d6     5%          1

Your spell library contained the following spells:

 Spells                   Type           Power      Damage    Failure   Level
 Conjure Flame            Conj/Fire      12%        6-21      16%         3
 Inner Flame              Hex/Fire       10%        N/A       21%         3
 Sticky Flame             Conj/Fire      12%        2d4       47%         4
 Fireball                 Conj/Fire      6%         3d5       83%         5


Dungeon Overview and Level Annotations

Branches:
Dungeon (1/1)


Innate Abilities, Weirdness & Mutations

Your attributes grow dramatically as you level up.
You have an increased reservoir of magic. (+10% MP)
You shall have no god before yourself.


Message History

Your +0 robe unmelds from your body.
You start resting.
You feel yourself speed up.
You start resting.
Magic restored.
You start resting.
You recover from your berserk rage.
You start resting.
HP restored.
f - a wand of polymorph (5);
c - 2 potions of heal wounds (gained 1)
Things that are here:
a +0 club; a +0 ring mail; the goblin corpse of Ijyb
Okay, then.
There is an open door here.
Casting: Foxfire (safe; 5% risk of failure)
Press: ? - help, Q - select action, (/) - cycle Dir - look around, f - activate
Okay, then.
You open the door.
An ogre comes into view. It is wielding a +0 giant club.
Casting: Foxfire (safe; 5% risk of failure)
Confirm with . or Enter, or press ? or * to list all spells.
You conjure some foxfire!
The foxfire hits the ogre.
The ogre is lightly wounded.
The foxfire hits the ogre.
The ogre is moderately wounded.
Casting: Foxfire (safe; 5% risk of failure)
Confirm with . or Enter, or press ? or * to list all spells.
You conjure some foxfire!
Your foxfire dissipates!
The foxfire hits the ogre.
The ogre is heavily wounded.
There is an open door here.
Things that are here:
a +0 club; a +0 ring mail; the goblin corpse of Ijyb
Casting: Foxfire (safe; 5% risk of failure)
Confirm with . or Enter, or press ? or * to list all spells.
You conjure some foxfire!
The ogre hits you with a +0 giant club!!
Ouch! That really hurt!
You die...

##########
#<.#..'..#
#v.O..#..+
#.@#### +#
#.v# #..#
#..# #⌠⌠#
####


You could see an ogre (ally target).

Vanquished Creatures
  Ijyb (D)
1 creature vanquished.

Vanquished Creatures (others)
  7 foxfires (D)
7 creatures vanquished.

Grand Total: 8 creatures vanquished

Notes
Turn   | Place    | Note
-------+----------+-------------------------------------------
     0 | D        | manyhoops the Demigod Fire Elementalist began the quest for
                  | the Orb.
     0 | D        | Reached XP level 1. HP: 14/14 MP: 5/5
     2 | D        | Noticed Ijyb
    12 | D        | Killed Ijyb
    13 | D        | Reached skill level 1 in Conjurations
    13 | D        | Reached skill level 4 in Fire Magic
    13 | D        | Reached XP level 2. HP: 20/20 MP: 4/8
   124 | D        | Noticed an ogre
   130 | D        | Slain by an ogre

Illustrated notes

Levels and vault maps discovered:
D:        dungeon_sprint_1 [red_sonja_temple_1, red_sonja_temple_small_1]

Skill      XL: |  1 |
---------------+----+-----
Dodging        | 2 |  2.4
Stealth        | 2 |  2.3
Spellcasting   | 2 |  2.6
Conjurations   | 1 |  1.1
Fire Magic     | 4 |  4.7
Unarmed Combat | |  0.1

Action                   || total
-------------------------++-------
Melee: Unarmed           ||     4
 Cast: Foxfire           ||     5
  Use: Potion            ||     1
